 Dungeon Crawl Stone Soup version 0.25.1-8-g42b30a86e7 (webtiles) character file.

Game seed: 4024528369193076350

7772 zeroc00l the Nimble (level 11, -15/64 HPs)
             Began as a Vampire Enchanter on Dec 10, 2020.
             Was an Elder of Dithmenos.
             Demolished by a death scarab (23 damage)
             ... in a Gauntlet on Dec 11, 2020.
             The game lasted 01:20:17 (13029 turns).

zeroc00l the Nimble (Vampire Enchanter)            Turns: 13029, Time: 01:20:17

Health: -15/64     AC:  9    Str:  7      XL:     11   Next: 1%
Magic:  14/14      EV: 23    Int: 15 (19) God:    Dithmenos [****..]
Gold:   735        SH:  5    Dex: 23      Spells: 1/15 levels left

rFire    . . .     SeeInvis +   a - +6 short sword (speed)
rCold    + + .     Gourm    .   (no shield)
rNeg     + + +     Faith    .   p - +0 robe of Birdsong {*Drain rElec rN+ Dex+6}
rPois    ∞         Spirit   .   (no helmet)
rElec    +         Reflect  +   (no cloak)
rCorr    .         Harm     .   (no gloves)
MR       +....     NoTele   +   k - +2 pair of boots
Stlth    +++++++++.             H - amulet of reflection
HPRegen  0.00/turn              N - +4 ring of protection
MPRegen  0.14/turn              O - ring of wizardry

@: bloodless, slowed, wreathed by umbra, studying Dodging, very slow
A: no food, fangs 3, see invisible, unbreathing
a: Bat Form, Revivify, Shadow Step, Renounce Religion


You were in a Gauntlet.
You worshipped Dithmenos.
Dithmenos was greatly pleased with you.
You were bloodless.

You visited 3 branches of the dungeon, and saw 12 of its levels.
You also visited: Gauntlet.

You collected 735 gold pieces.

Inventory:

Hand Weapons
 a - a +6 short sword of speed (weapon)
 b - a +0 shortbow
 c - a +2 short sword of draining
 f - a +0 arbalest
 t - a +0 antimagic dagger
Missiles
 g - 88 arrows
 n - 47 poisoned darts
 y - 6 datura-tipped darts
 A - 5 silver boomerangs (quivered)
 P - 8 curare-tipped darts
Armour
 k - a +2 pair of boots (worn)
 p - the +0 robe of Birdsong (worn) {*Drain rElec rN+ Dex+6}
   (You found it in a Gauntlet)

   It affects your dexterity (+6).
   It insulates you from electricity.
   It protects you from negative energy.
   It causes draining when unequipped.
 F - a +1 leather armour
Jewellery
 H - an amulet of reflection (around neck)
 L - an uncursed ring of magical power
 N - a +4 ring of protection (left hand)
 O - a ring of wizardry (right hand)
Wands
 h - a wand of disintegration (15)
 C - a wand of iceblast (10)
 J - a wand of acid (6)
Scrolls
 i - 4 scrolls of remove curse
 j - a scroll of fog
 l - 4 scrolls of teleportation
 v - 2 scrolls of identify
Potions
 d - a potion of experience {unknown}
 m - a potion of haste {unknown}
 o - 2 potions of flight
 r - 2 potions of curing {unknown}
 x - 3 potions of brilliance {unknown}
 z - 3 potions of stabbing {unknown}
 E - a potion of degeneration {unknown}
 G - a potion of resistance {unknown}
 I - a potion of might {unknown}
Books
 u - a manual of Dodging
Miscellaneous
 e - a box of beasts


   Skills:
 + Level 5.3 Fighting
 + Level 8.0(8.1) Short Blades
   Level 1.3(4.7) Long Blades
 + Level 11.3 Dodging
 + Level 10.3 Stealth
 - Level 2.6 Spellcasting
 - Level 3.1 Conjurations
 * Level 8.4 Hexes
 - Level 3.0 Ice Magic
 - Level 4.0 Air Magic
 - Level 4.0 Poison Magic


You had one spell level left.
You knew the following spells:

 Your Spells              Type           Power        Failure   Level  Hunger
a - Corona                Hex            ####...      1%          1    N/A
b - Ensorcelled Hibernat  Hex/Ice        ###...       1%          2    N/A
c - Tukima's Dance        Hex            ####....     1%          3    N/A
d - Dazzling Flash        Conj/Hex       ###...       2%          3    N/A
e - Poisonous Vapours     Pois/Air       ##....       2%          2    N/A
f - Mephitic Cloud        Conj/Pois/Air  ##......     6%          3    N/A

Your spell library contained the following spells:

 Spells                   Type           Power        Failure   Level  Hunger
 Sting                    Tmut/Pois      #...         4%          1    N/A
 Confusing Touch          Hex            ####....     1%          3    N/A
 Ignite Poison            Fire/Tmut/Pois #.......     16%         3    N/A
 Olgreb's Toxic Radiance  Pois           ##......     16%         4    N/A

Dungeon Overview and Level Annotations

Branches:
Dungeon (10/15)            Temple (1/1) D:7            Lair (1/6) D:10
    Orc (0/2) D:9         Gauntlet (1/1)

Altars:
Ashenzari
Dithmenos
Elyvilon
Gozag
Hepliaklqana
Kikubaaqudgha
Makhleb
Nemelex Xobeh
Okawaru
Qazlal
Ru
Sif Muna
Trog
Uskayaw
Wu Jian
Xom

Shops:
D:6 :

Annotations:
Gauntlet 13 transporters


Innate Abilities, Weirdness & Mutations

You do not eat.
You do not regenerate when monsters are visible.
You are frail without blood (-20% HP).
You can heal yourself when you bite living creatures.
You are immune to poison.
You have razor-sharp teeth.
You have supernaturally acute eyesight. (SInv)
You can survive without breathing.


Message History

The death scarab completely misses you. The death scarab barely misses you.
You feel much better. The death scarab completely misses you.
The death scarab bites you!!
* * * LOW HITPOINT WARNING * * *
The death scarab drains your vigour!
You feel as though you will be slow longer.
The death scarab barely misses you. The death scarab closely misses you.
You block the death scarab's attack. The death scarab closely misses you.
Okay, then.
Unknown command.
The death scarab completely misses you.
The spectral death yak completely misses you.
The death scarab closely misses you. The death scarab completely misses you.
The spectral death yak closely misses you.
You block the death scarab's attack.
You block the spectral death yak's attack.
The spectral death yak gores you!
* * * LOW HITPOINT WARNING * * *
You block the death scarab's attack. The death scarab bites you!!
You die...

###############..#.
#8#..............#.
####..............#.
###≈....#############.
#8#.....#©...........©
###.##################
#.#s..Z.....#.#..#..
###.#sZ##.##..#.#...#.
#8#.#@#Z.#..#.#.#b^.#^
###.#Z#..#©.#.#.#h...#
#.#..#####..#.#b.^##
###.#.#..#..#.#.#.##.#
#8#.#.#..#..#.#.##....
###.#..##.##..#.#.h§..
#.#..[!©(...#.#..h"©
###.###########.######
#8#...................


You could see a spectral black mamba, a spectral death yak, a spectral torpor
snail, a spectral dream sheep and 2 death scarabs.

Vanquished Creatures
  Sonja (D:10)
  Pikel (D:9)
  A spiny frog (Lair:1)
  A hippogriff (D:10)
  2 chaos spawn (Gauntlet)
  7 yaks
  A neqoxec (Gauntlet)
  A large abomination (Gauntlet)
  2 black bears
  4 phantoms
  An orc warrior (D:10)
  2 slaves (D:9)
  An ice beast (D:7)
  A necrophage (D:8)
  An eye of draining (D:9)
  4 ogres
  2 centaurs
  4 small abominations (Gauntlet)
  4 big kobolds
  8 bullfrogs
  A gnoll sergeant (D:8)
  3 scorpions
  9 wights
  6 killer bees
  A crimson imp (D:9)
  2 bullfrog zombies (D:6)
  6 jellies
  8 orc priests
  7 orc wizards
  3 bullfrog skeletons
  A centaur skeleton (D:4)
  A gnoll shaman (D:4)
  3 hounds
  3 iguanas
  5 worker ants
  A hound skeleton (D:5)
  A howler monkey zombie (D:6)
  16 gnolls
  11 adders
  A howler monkey skeleton (D:3)
  4 shadow imps
  5 oozes (D:8)
  2 adder skeletons
  6 worms
  3 dart slugs
  7 leopard geckos
  23 orcs
  10 giant cockroaches
  16 goblins
  8 hobgoblins
  16 jackals
  3 quokkas
  3 ball pythons
  11 bats
  7 frilled lizards
  22 kobolds
  A quokka skeleton (D:4)
  A quokka zombie (D:9)
  7 rats
293 creatures vanquished.

Vanquished Creatures (collateral kills)
  2 wights (D:7)
2 creatures vanquished.

Vanquished Creatures (others)
  3 dancing weapons
  A slave (D:9)
  An orc (D:9)
  2 demonic plants (Gauntlet)
  A fungus (Lair:1)
8 creatures vanquished.

Grand Total: 303 creatures vanquished

Notes
Turn   | Place    | Note
-------+----------+-------------------------------------------
     0 | D:1      | zeroc00l the Vampire Enchanter began the quest for the Orb.
     0 | D:1      | Reached XP level 1. HP: 13/13 MP: 3/3
   188 | D:1      | Reached XP level 2. HP: 17/19 MP: 3/5
   588 | D:1      | Reached XP level 3. HP: 24/24 MP: 6/6
   738 | D:1      | Reached skill level 5 in Stealth
   744 | D:1      | Reached skill level 5 in Hexes
   749 | D:1      | Learned a level 2 spell: Ensorcelled Hibernation
   753 | D:1      | Learned a level 3 spell: Tukima's Dance
   939 | D:2      | Found a bloodstained altar of Trog.
  1166 | D:2      | Reached skill level 1 in Ice Magic
  1331 | D:2      | Found an opulent altar of Gozag.
  1572 | D:3      | Reached XP level 4. HP: 9/30 MP: 4/7
  1693 | D:3      | Reached skill level 3 in Dodging
  2619 | D:4      | Reached XP level 5. HP: 26/35 MP: 8/8
  3110 | D:4      | Reached skill level 1 in Long Blades
  3152 | D:4      | Found Muosk's General Store.
  3247 | D:4      | Found a shadowy altar of Dithmenos.
  3890 | D:4      | Reached XP level 6. HP: 14/32 MP: 6/9
  4147 | D:5      | Entered Level 5 of the Dungeon
  4159 | D:5      | Reached skill level 4 in Dodging
  4164 | D:5      | Got a crude scale mail
  4658 | D:5      | Found a shattered altar of Ashenzari.
  4879 | D:5      | Reached XP level 7. HP: 29/36 MP: 4/10
  4954 | D:4      | Learned a level 3 spell: Dazzling Flash
  5611 | D:5      | Found a shadowy altar of Dithmenos.
  5616 | D:5      | Became a worshipper of Dithmenos the Shadowed
  5785 | D:5      | Found an ornate altar of the Wu Jian Council.
  5936 | D:6      | Reached skill level 5 in Dodging
  6060 | D:6      | Reached skill level 1 in Conjurations
  6441 | D:6      | Found Kutaja's Book Emporium.
  6565 | D:6      | Reached XP level 8. HP: 42/42 MP: 9/11
  6807 | D:7      | Found a sparkling altar of Nemelex Xobeh.
  6827 | D:7      | Reached skill level 1 in Fighting
  7005 | D:7      | Found a hide-covered altar of Uskayaw.
  7007 | D:7      | Found a shimmering blue altar of Sif Muna.
  7011 | D:7      | Found an iron altar of Okawaru.
  7086 | D:7      | Reached skill level 5 in Short Blades
  7419 | D:7      | Reached * piety under Dithmenos
  7419 | D:7      | Reached skill level 6 in Dodging
  7493 | D:7      | Found a shattered altar of Ashenzari.
  7595 | D:7      | Reached skill level 7 in Dodging
  7941 | D:7      | Reached XP level 9. HP: 41/49 MP: 8/12
  7949 | D:7      | Found a staircase to the Ecumenical Temple.
  8056 | Temple   | Entered the Ecumenical Temple
  8112 | D:8      | Reached skill level 8 in Dodging
  8223 | D:8      | Found a hazy altar of Hepliaklqana.
  8389 | D:8      | Reached ** piety under Dithmenos
  8457 | D:8      | Found a shimmering altar of Xom.
  8457 | D:8      | Found an ancient bone altar of Kikubaaqudgha.
  8514 | D:8      | Learned a level 2 spell: Poisonous Vapours
  8581 | D:8      | Reached skill level 1 in Air Magic
  8581 | D:8      | Reached skill level 1 in Poison Magic
  8770 | D:8      | Reached skill level 9 in Dodging
  8901 | D:8      | Found a burning altar of Makhleb.
  9194 | D:9      | Found a staircase to the Orcish Mines.
  9248 | D:9      | Found a sacrificial altar of Ru.
  9409 | D:9      | Found a stormy altar of Qazlal.
  9495 | D:9      | Noticed Pikel
  9621 | D:9      | Killed Pikel
  9621 | D:9      | Reached skill level 10 in Dodging
  9621 | D:9      | Reached XP level 10. HP: 57/57 MP: 7/13
  9803 | D:9      | Reached *** piety under Dithmenos
 10371 | D:9      | Learned a level 3 spell: Mephitic Cloud
 10372 | D:10     | Entered Level 10 of the Dungeon
 10798 | D:10     | Noticed Sonja
 10801 | D:10     | Noticed a death yak
 10804 | D:10     | Noticed a death yak
 10806 | D:10     | Noticed a death yak
 10810 | D:10     | Noticed a death yak
 10813 | D:10     | Noticed a death yak
 10814 | D:10     | Killed Sonja
 11460 | D:10     | Found a staircase to the Lair.
 11814 | Lair:1   | Entered Level 1 of the Lair of Beasts
 11814 | Lair:1   | Noticed a spiny frog
 11815 | Lair:1   | Reached skill level 11 in Dodging
 11816 | Lair:1   | Reached skill level 5 in Fighting
 11818 | Lair:1   | Reached skill level 10 in Stealth
 11824 | Lair:1   | Killed a spiny frog
 11824 | Lair:1   | Reached **** piety under Dithmenos
 12013 | Lair:1   | Found a gate leading to a gauntlet.
 12022 | Gauntlet | Entered a Gauntlet
 12022 | Gauntlet | Found a transporter.
 12048 | Gauntlet | Found a transporter.
 12059 | Gauntlet | Found a transporter.
 12064 | Gauntlet | Found a transporter.
 12079 | Gauntlet | Found a transporter.
 12089 | Gauntlet | Noticed a thrashing horror
 12090 | Gauntlet | Noticed a thrashing horror
 12098 | Gauntlet | Found a transporter.
 12099 | Gauntlet | Noticed a sixfirhy
 12101 | Gauntlet | Noticed a sixfirhy
 12102 | Gauntlet | Noticed a sixfirhy
 12108 | Gauntlet | Noticed a sixfirhy
 12110 | Gauntlet | Found a transporter.
 12115 | Gauntlet | Found a transporter.
 12117 | Gauntlet | Found a transporter.
 12129 | Gauntlet | Noticed a sixfirhy
 12130 | Gauntlet | Noticed a sixfirhy
 12135 | Gauntlet | Found a transporter.
 12156 | Gauntlet | Found a transporter.
 12158 | Gauntlet | Noticed a hell hog
 12164 | Gauntlet | Noticed a death scarab
 12168 | Gauntlet | Found a transporter.
 12171 | Gauntlet | Noticed a spectral death yak
 12173 | Gauntlet | Found a transporter.
 12173 | Gauntlet | Found a transporter.
 12182 | Gauntlet | Noticed a death scarab
 12216 | Gauntlet | Found a transporter.
 12244 | Gauntlet | Found a transporter.
 12244 | Gauntlet | Found a transporter.
 12246 | Gauntlet | Found a transporter.
 12842 | Gauntlet | Reached XP level 11. HP: 40/64 MP: 14/14
 12978 | Gauntlet | Got a slimy robe
 12989 | Gauntlet | Identified the +0 robe of Birdsong {*Drain rElec rN+ Dex+6}
                  | (You found it in a Gauntlet)
 13029 | Gauntlet | Demolished by a death scarab

Illustrated notes

Levels and vault maps discovered:
D:1:      minmay_arrival_diagonal_passages, layout_rooms
D:2:      layout_loops_ring, lemuel_doored_altar, old_standard_altar,
          first_ration, minmay_heptomino_d4
D:3:      layout_loops_ring, minmay_goblin_outpost
D:4:      layout_basic, serial_shops, nicolae_shop_statue_plus,
          dk_noncrumbling_4, minmay_misc_feat_cross, serial_bayou_pond_c,
          grunt_dithmenos_smoke_and_mirrors
D:5:      layout_cave_pools, marbit_many_paths, lemuel_coloured_pillars_altar,
          cheibrodos_ashenzari_chains
D:6:      layout_gridville, serial_shops, shop, minmay_manual_moon
D:7:      layout_rooms, nemelex_xobeh_ov_fountains_minmay, lemuel_round_altar,
          chequers_temple_overflow_statue_of_worship,
          minmay_temple_entry_poolview
D:8:      layout_cave_pools, grunt_temple_overflow_open, serial_column_ruins,
          column_ruins_square_large, column_ruins_grid_3,
          column_ruins_corridor_corner, column_ruins_corridor_corner,
          column_ruins_grid_1, hangedman_little_slice_of_home, bloody_makhleb
D:9:      layout_long_grid, orc_0_dummy, basic_altar,
          nicolae_qazlal_general_emergency, uniq_pikel
D:10:     layout_basic, dpeg_lair_monsters, uniq_sonja
Temple:   chequers_temple_sunken
Lair:1:   layout_concentric_octagons, gauntlet_entry_generic, lemuel_fruit_tree,
          lemuel_fruit_fields, uniq_maggie
Gauntlet: gammafunk_gauntlet_one_two_three [nicolae_gauntlet_arena_blocks,
          gammafunk_gauntlet_arena_chambers, gammafunk_gauntlet_arena_mazey,
          nicolae_gauntlet_arena_quarters, nicolae_gauntlet_swirl,
          gammafunk_gauntlet_arena_spirals, gammafunk_gauntlet_arena_teeth,
          gammafunk_gauntlet_arena_split_x, gammafunk_gauntlet_arena_grid,
          gauntlet_exit_watery]

Skill      XL: |  1  2  3  4  5  6  7  8  9 10 |
---------------+-------------------------------+-----
Stealth        | 5 6 7 8 9 10 | 10.3
Short Blades   | 2 3 4 5 7 8 |  8.0
Hexes          | 5 6 7 8 |  8.4
Ice Magic      | 1 2 3 |  3.0
Dodging        | 3 4 5 7 10 11 | 11.3
Long Blades    | 1 |  1.3
Conjurations   | 1 2 3 |  3.1
Fighting       | 2 4 5 |  5.3
Air Magic      | 3 4 |  4.0
Poison Magic   | 3 4 |  4.0
Spellcasting   | |  2.6

Action                   |  1- 3 |  4- 6 |  7- 9 | 10-12 || total
-------------------------+-------+-------+-------+-------++-------
Melee: Dagger            |    52 |     3 |       |       ||    55
       Bite              |    12 |    18 |    27 |    17 ||    74
       Short sword       |   154 |   212 |   436 |   174 ||   976
       Long sword        |       |    44 |       |       ||    44
 Fire: Hunting sling     |       |     7 |       |       ||     7
       Shortbow          |       |       |    44 |    28 ||    72
Throw: Dart              |       |     5 |     6 |       ||    11
       Boomerang         |       |       |       |     7 ||     7
 Cast: Corona            |    33 |    32 |    37 |     2 ||   104
       Ensorcelled Hiber |     5 |    27 |    47 |    25 ||   104
       Tukima's Dance    |       |     7 |    14 |     1 ||    22
       Poisonous Vapours |       |       |     2 |     1 ||     3
       Mephitic Cloud    |       |       |       |     2 ||     2
       Dazzling Flash    |       |       |       |     2 ||     2
 Abil: Exsanguinate      |       |     1 |       |       ||     1
       End Transformatio |       |       |     1 |     1 ||     2
       Bat Form          |       |       |     1 |     1 ||     2
Evoke: Wand              |       |       |       |     7 ||     7
  Use: Scroll            |       |     3 |     8 |     8 ||    19
       Potion            |       |       |       |     2 ||     2
 Stab: Sleeping          |     7 |    22 |    48 |    28 ||   105
       Distracted        |       |     2 |       |       ||     2
       Confused          |       |       |       |     3 ||     3
       Invisible         |       |       |       |     1 ||     1
Armor: Leather armour    |    71 |    81 |    59 |    17 ||   228
Dodge: Dodged            |   159 |   201 |   203 |   118 ||   681
Block: Other             |       |       |    34 |    45 ||    79
       Reflection        |       |       |     1 |     1 ||     2
       Rpst.: Long sword |       |    11 |       |       ||    11
